 Dungeon Crawl Stone Soup version 0.16.1-29-g3e760ad (webtiles) character file.

44 qqmkm the Skirmisher (level 3, -5/29 HPs)
             Began as a Demonspawn Abyssal Knight on June 11, 2015.
             Was a Believer of Lugonu.
             Killed from afar by a giant newt (9 damage)
             ... with an exploding inner flame
             ... hexed by the player character
             ... on level 2 of the Dungeon.
             The game lasted 00:11:43 (1065 turns).

qqmkm the Skirmisher (Demonspawn Abyssal Knight)    Turns: 1065, Time: 00:11:44

Health: -5/29      AC:  7    Str: 13    XL:     3   Next: 41%
Magic:  4/4        EV:  6    Int: 13    God:    Lugonu [**....]
Gold:   40         SH:  0    Dex: 12    Spells: 0 memorised, 2 levels left

rFire  . . .     SeeInvis .     a - +1 hand axe
rCold  . . .     Clarity  .     h - -2 chain mail (curse)
rNeg   . . .     SustAb   .     (no shield)
rPois  .         Gourm    .     (no helmet)
rElec  .         Spirit   .     (no cloak)
rCorr  .         Warding  .     (no gloves)
rMut   .         Stasis   .     (no boots)
MR     .....                    j - amulet of rage (curse)
Stlth  ..........               (no ring)
                                (no ring)

@: not resistant to hostile enchantments, extremely unstealthy
A: demonic guardian 1, nightstalker 1
a: Depart the Abyss, Bend Space, Renounce Religion, Evoke Berserk Rage


You were on level 2 of the Dungeon.
You worshipped Lugonu.
Lugonu was pleased with you.
You were not hungry.

You visited 1 branch of the dungeon, and saw 2 of its levels.
You visited the Abyss 1 time.

You collected 40 gold pieces.

Inventory:

Hand weapons
 a - a +1 hand axe (weapon)
Armour
 b - a +0 leather armour
 d - a +1 ring mail
 h - a cursed -2 chain mail (worn)
Jewellery
 j - a cursed amulet of rage (around neck)
 o - a +5 ring of dexterity {unknown}
Scrolls
 k - a scroll of fear {unknown}
 m - a scroll of fog {unknown}
 n - a scroll of identify {unknown}
Potions
 e - a potion of brilliance {unknown}
 i - a potion of heal wounds {unknown}
Comestibles
 c - 2 bread rations
 f - a meat ration


   Skills:
 - Level 3.3 Fighting
 - Level 1.7 Axes
 + Level 3.1 Armour
 - Level 1.0 Dodging
 - Level 2.5 Invocations


You had 2 spell levels left.
You didn't know any spells.

Dungeon Overview and Level Annotations

Branches:
Dungeon (2/15)

Altars:


Innate Abilities, Weirdness & Mutations

A weak demonic guardian rushes to your aid.
You are slightly more attuned to the shadows.


Message History

* * * LOW HITPOINT WARNING * * *
The giant newt bites you but does no damage.
Your magical contamination has completely faded away.
As you read the scroll of immolation, it crumbles to dust.
The creatures around you are filled with an inner flame!
The giant newt barely misses you. The giant newt barely misses you.
There is a stone staircase leading down here.
The giant newt bites you.
* * * LOW HITPOINT WARNING * * *
Your chain mail prevents you from hitting the giant newt.
The giant newt is severely wounded.
The giant newt bites you but does no damage.
You barely miss the giant newt.
The giant newt is severely wounded.
The giant newt bites you but does no damage.
You hit the giant newt.
The giant newt explodes!
The fiery explosion engulfs you!
You die...

### ### #.. ..# #.# #.# ####
###### #.###.# #...
....###############.....#
#.##
#.........§§§.........####.##
#>........§§@..w.............
#.################....####.##
####.# #.....#.# #.# #....#
#.#...#... #.# #.##.#
#.#.######.#.# # #.########
#.......# #.# #..........
###.###....#.# #.†........
#.# ###.# #..........# #.####
#.#


You could see a worm.

Vanquished Creatures
  A worm (D:2)
  A ball python (D:1)
  7 bats (D:1)
  4 giant cockroaches (D:1)
  5 goblins (D:1)
  4 hobgoblins
  7 kobolds (D:1)
  2 giant newts (D:1)
  6 rats
37 creatures vanquished.

Notes
Turn   | Place    | Note
--------------------------------------------------------------
     0 | Abyss:1  | qqmkm, the Demonspawn Abyssal Knight, began the quest for the Orb.
     0 | Abyss:1  | Reached XP level 1. HP: 18/18 MP: 1/1
    50 | Abyss:1  | Found a corrupted altar of Lugonu.
    82 | Abyss:1  | Noticed a quasit
    85 | Abyss:1  | Noticed a spatial vortex
    85 | D:1      | Escaped the Abyss
   109 | D:1      | Acquired Lugonu's first power
   170 | D:1      | Gained mutation: A weak demonic guardian rushes to your aid. [demonic ancestry]
   170 | D:1      | Reached XP level 2. HP: 13/24 MP: 2/2
   173 | D:1      | Reached skill level 1 in Dodging
   551 | D:1      | Gained mutation: You are slightly more attuned to the shadows. [demonic ancestry]
   551 | D:1      | Reached XP level 3. HP: 29/29 MP: 4/4
   593 | D:1      | Acquired Lugonu's second power
   909 | D:2      | HP: 1/29 [worm (2)]
   916 | D:2      | HP: 1/29 [worm (6)]
  1065 | D:2      | Killed from afar by a giant newt

Action                   || total
-------------------------++-------
Melee: Hand axe          ||   143
Invok: Depart the Abyss  ||     1
  Use: Scroll            ||     5
       Potion            ||     3
  Eat: Chunk             ||     1
